 Dungeon Crawl Stone Soup version 0.27.1-34-g3ba077fa99 (webtiles) character file.

Game seed: 11001055164320952619

7 unlimited1921 the Skirmisher (level 1, 0/27 HPs)
             Began as a Demonspawn Berserker on Jan 8, 2022.
             Was a Follower of Trog.
             Slain by a quokka (2 damage)
             ... on level 1 of the Dungeon.
             The game lasted 00:03:28 (549 turns).

unlimited1921 the Skirmisher (Demonspawn Berserker)  Turns: 549, Time: 00:03:29

Health: 0/27       AC: 20    Str: 17    XL:     1   Next: 91%
Magic:  1/1        EV:  2    Int:  8    God:    Trog [*.....]
Gold:   29         SH:  0    Dex: 12    Spells: 0/0 levels left

rFire    . . .     SeeInvis .   a - +0 hand axe
rCold    . . .     Faith    .   (no shield)
rNeg     + + +     Spirit   .   (armour currently unavailable)
rPois    +         Reflect  .   (helmet currently unavailable)
rElec    .         Harm     .   (cloak currently unavailable)
rCorr    .         Rampage  .   (gloves currently unavailable)
Will     .....     NoTele   +   (boots currently unavailable)
Stlth    +.........             (no amulet)
HPRegen  0.09/turn              c - +4 ring of evasion
MPRegen  0.07/turn              (no ring)

@: tree-form
A: stationary, stasis, torment immunity, boosted hp
a: Renounce Religion, Berserk


You were on level 1 of the Dungeon.
You worshipped Trog.
Trog was aware of your devotion.
You were a tree.
You visited 1 branch of the dungeon, and saw 1 of its levels.

You collected 29 gold pieces.

Inventory:

Hand Weapons
 a - a +0 hand axe (weapon)
Armour
 b - a +0 animal skin (melded)
Jewellery
 c - a +4 ring of evasion (left branch)
Scrolls
 g - a scroll of identify {unknown}


   Skills:
 + Level 3.1 Fighting
 + Level 3.0 Axes
 + Level 1.8 Armour
 + Level 1.7 Dodging


You couldn't memorise any spells.
You didn't know any spells.
Your spell library was empty.

Dungeon Overview and Level Annotations

Branches:
Dungeon (1/15)

Altars:


Message History

You barely miss the quokka. The quokka bites you.
You are too injured to fight recklessly!
The quokka completely misses you. The quokka completely misses you.
The quokka twitches its whiskers.
The quokka barely misses you. The quokka closely misses you.
You closely miss the quokka. The quokka closely misses you.
You closely miss the quokka. The quokka closely misses you.
The quokka bites you. The quokka completely misses you.
The quokka barely misses you.
You barely miss the quokka. The quokka barely misses you.
The quokka closely misses you.
You closely miss the quokka. The quokka bites you.
You are too injured to fight recklessly!
The quokka closely misses you. The quokka closely misses you.
The quokka bites you.
* * * LOW HITPOINT WARNING * * *
The quokka barely misses you. The quokka bites you.
* * * LOW HITPOINT WARNING * * *
It was a potion of lignification.
You turn into a tree.
Your +0 animal skin melds into your body.
Your roots penetrate the ground.
The quokka bites you but does no damage.
The quokka bites you.
* * * LOW HITPOINT WARNING * * *
The quokka bites you but does no damage.
The quokka bites you but does no damage. x2
The quokka bites you but does no damage.
The quokka bites you but does no damage.
The quokka bites you but does no damage.
The quokka bites you but does no damage.
The quokka bites you but does no damage. x2
As you read the scroll labelled LIATYL ZEUKH, it crumbles to dust.
The creatures around you are filled with an inner flame!
It was a scroll of immolation.
The quokka bites you.
You die...

.# ##### .###### #...#
......# #...# .####.#
#...# .#..#.# #...#
.#..#.# #...# .#..#.#
#...#
.#..#.############...#####
.#.............r♣.........
.#.###############...#####
.#............#.......#
############.#.#####.#
#.#.# .# #.#.# .# #.#.####
#.#....# #.####.#


You could see a quokka (inner flame).

Vanquished Creatures
  2 endoplasms (D:1)
  A giant cockroach (D:1)
  A goblin (D:1)
  A quokka (D:1)
  A bat (D:1)
6 creatures vanquished.

Notes
Turn   | Place    | Note
-------+----------+-------------------------------------------
     0 | D:1      | unlimited1921 the Demonspawn Berserker began the quest for
                  | the Orb.
     0 | D:1      | Reached XP level 1. HP: 18/18 MP: 1/1
    96 | D:1      | Found a faded altar of an unknown god.
   541 | D:1      | HP: 1/27 [quokka (1)]
   549 | D:1      | Slain by a quokka

Illustrated notes

Levels and vault maps discovered:
D:1:      shiori_arrival_maze, layout_basic,
          hellmonk_ecumenical_altar_leap_of_faith

Skill      XL: |  1 |
---------------+----+-----
Axes           | 3 |  3.0
Fighting       | |  3.1
Armour         | |  1.8
Dodging        | |  1.7

Action                   || total
-------------------------++-------
Melee: Hand axe          ||    21
  Use: Potion            ||     2
       Scroll            ||     1
 Stab: Sleeping          ||     2
Armor: Skin              ||    10
       Animal skin       ||     4
Dodge: Dodged            ||    52
